Map: Romanticide LE

Players

TeebuL - Winner!

  • Race: Protoss Protoss
  • League: Gold

EnDerr

  • Race: Zerg Zerg

Event: DreamHack SC2 Masters 2021 Summer

VOD

Have the link to the VOD?

Description

Time

  • Played on: May 19, 2021, 4:49 a.m.
  • Length: 13:02

All games in this series

Show
View Real Time Build Order
Export as new Build Order

TeebuL Protoss - Winner!

Build Orders: 1 Gate Expand, Oracle Opening 

Get SALT Encoding   

  12  0:00  Probe  
  13  0:12  Probe  
  14  0:18  Pylon  
  14  0:24  Probe (Chrono Boost)  
  15  0:37  Probe (Chrono Boost)  
  15  0:38  Gateway  
  16  0:45  Probe (Chrono Boost)  
  16  0:47  Assimilator  
  17  0:51  Probe  
  18  1:03  Probe  
  19  1:15  Probe  
  20  1:28  Nexus  
  20  1:36  Cybernetics Core  
  20  1:37  Probe  
  21  1:42  Assimilator  
  21  1:49  Probe  
  21  1:53  Pylon  
  22  2:01  Probe  
  23  2:09  Adept (Chrono Boost)  
  23  2:14  Probe  
  26  2:16  Cybernetics Core  
  26  2:25  Stargate  
  26  2:28  Probe  
  27  2:36  Adept  
  28  2:38  Warp Gate  
  28  2:41  Probe  
  30  2:44  Probe  
  30  2:51  Gateway  
  30  2:53  Probe  
  30  2:57  Probe  
  32  3:05  Probe  
  32  3:08  Oracle (Chrono Boost)  
  32  3:09  Probe  
  37  3:18  Probe (Chrono Boost)  
  36  3:21  Probe (Chrono Boost)  
  36  3:23  Pylon  
  36  3:25  Adept  
  39  3:29  Probe (Chrono Boost)  
  39  3:31  Probe (Chrono Boost)  
  41  3:34  Probe (Chrono Boost)  
  41  3:35  Void Ray (Chrono Boost)  
  41  3:36  Probe (Chrono Boost)  
  43  3:44  Probe  
  43  3:47  Probe  
  49  3:53  Pylon  
  49  3:56  Probe  
  49  4:01  Probe  
  51  4:22  Probe x2  
  53  4:27  Twilight Council  
  53  4:29  Gateway  
  53  4:32  Nexus  
  53  4:33  Pylon  
  53  4:34  Probe  
  53  4:36  Gateway  
  53  4:37  Adept x2  
  58  4:41  Probe  
  58  4:45  Assimilator x2  
  59  4:48  Pylon  
  59  4:53  Probe  
  59  4:55  Probe  
  61  5:01  Shield Battery  
  61  5:05  Probe  
  62  5:09  Probe  
  63  5:17  Probe (Chrono Boost)  
  64  5:21  Probe (Chrono Boost)  
  64  5:26  Stargate  
  64  5:27  Charge  
  65  5:30  Pylon, Stargate  
  65  5:34  Probe (Chrono Boost)  
  65  5:35  Probe (Chrono Boost)  
  67  5:36  Assimilator  
  67  5:37  Void Ray  
  67  5:39  Probe (Chrono Boost)  
  67  5:41  Assimilator  
  67  5:42  Pylon, Probe (Chrono Boost)  
  69  5:44  Probe  
  69  5:48  Probe  
  75  5:53  Probe (Chrono Boost)  
  75  5:56  Probe (Chrono Boost)  
  77  6:00  Probe (Chrono Boost)  
  78  6:05  Probe (Chrono Boost)  
  78  6:07  Void Ray (Chrono Boost)  
  78  6:08  Probe (Chrono Boost)  
  81  6:11  Probe (Chrono Boost)  
  81  6:13  Probe (Chrono Boost), Void Ray (Chrono Boost)  
  81  6:14  Probe (Chrono Boost)  
  81  6:15  Pylon  
  81  6:16  Probe (Chrono Boost), Void Ray (Chrono Boost)  
  81  6:17  Pylon  
  92  6:19  Probe  
  92  6:21  Forge  
  92  6:22  Gateway  
  92  6:23  Probe  
  92  6:25  Gateway  
  98  6:29  Pylon  
  98  6:38  Void Ray (Chrono Boost)  
  98  6:39  Shield Battery  
  96  6:44  Void Ray (Chrono Boost)  
  96  6:48  Protoss Air Weapons Level 1  
  100  6:56  Zealot x3  
  100  6:57  Zealot, Protoss Ground Weapons Level 1  
  100  7:00  Photon Cannon  
  108  7:02  Photon Cannon  
  108  7:10  Void Ray (Chrono Boost)  
  108  7:18  Void Ray x2 (Chrono Boost)  
  116  7:27  Zealot x5  
  116  7:28  Zealot  
  132  7:36  Pylon x2  
  132  7:48  Void Ray  
  132  7:52  Void Ray  
  132  7:54  Nexus  
  132  7:55  Templar Archives  
  132  7:58  Pylon  
  136  8:00  Pylon  
  136  8:01  Void Ray  
  138  8:08  Zealot x4  
  138  8:25  Pylon  
  138  8:26  Zealot x2  
  144  8:38  Zealot x4  
  148  8:53  Probe x2  
  148  8:54  Probe  
  135  8:56  Assimilator, Psionic Storm  
  135  8:58  Fleet Beacon  
  135  8:59  Assimilator  
  131  9:04  Void Ray x2  
  131  9:05  Void Ray  
  127  9:11  Zealot x6  
  138  9:22  Probe  
  131  9:27  Photon Cannon  
  131  9:28  Shield Battery, Photon Cannon  
  127  9:32  Protoss Ground Weapons Level 2 (Chrono Boost)  
  127  9:34  Zealot, High Templar x4  
  127  9:35  Zealot  
  139  9:40  Probe  
  139  9:41  Probe  
  141  9:47  Robotics Facility  
  141  9:52  Probe x2  
  143  9:53  Probe x2  
  143  9:58  Zealot x2  
  149  10:00  Protoss Air Weapons Level 2 (Chrono Boost)  
  149  10:01  Pylon  
  149  10:02  Pylon  
  149  10:06  Photon Cannon  
  149  10:07  Pylon  
  149  10:11  Zealot x2, High Templar  
  149  10:12  High Templar  
  157  10:17  Archon  
  157  10:27  High Templar x2  
  161  10:30  Gateway  
  161  10:32  Gateway  
  159  10:38  Gateway, Observer  
  159  10:40  Zealot x2  
  160  10:45  Zealot x2  
  164  10:54  Carrier x2 (Chrono Boost)  
  172  11:00  Nexus  
  172  11:04  Photon Cannon  
  172  11:06  Photon Cannon  
  172  11:08  Immortal (Chrono Boost)  
  162  11:27  Zealot x8  
  174  11:42  Immortal (Chrono Boost)  
  174  11:46  Carrier (Chrono Boost)  
  184  11:51  High Templar x4  
  184  11:52  Zealot x3  
  184  11:53  Zealot  
  200  11:56  Archon  
  200  11:57  Archon  
  200  12:02  Photon Cannon  
  200  12:04  Pylon  
  200  12:06  Pylon  
  200  12:11  Photon Cannon  
  200  12:12  Photon Cannon  
  200  12:17  Archon  
  174  12:32  Archon x2  
  174  12:33  Zealot x9  
Show
View Real Time Build Order
Export as new Build Order

EnDerr Zerg 

Build Orders: Pool First 

Get SALT Encoding   

  12  0:00  Drone  
  13  0:12  Overlord  
  13  0:17  Drone  
  14  0:31  Drone x2  
  16  0:39  Extractor  
  16  0:42  Spawning Pool  
  14  0:46  Drone  
  14  0:49  Drone  
  16  0:56  Drone  
  17  1:08  Drone  
  18  1:24  Hatchery  
  17  1:30  Zergling x4  
  19  1:39  Queen  
  21  1:45  Metabolic Boost  
  21  1:53  Overlord  
  21  2:02  Drone  
  22  2:12  Drone  
  22  2:13  Drone  
  22  2:14  Queen  
  26  2:23  Drone  
  27  2:37  Drone x2  
  29  2:50  Drone x5  
  34  2:55  Overlord  
  33  3:02  Hatchery  
  32  3:11  Zergling x6  
  34  3:17  Overlord  
  34  3:19  Drone x2  
  36  3:24  Drone x2  
  38  3:30  Drone x3  
  38  3:33  Drone x2  
  43  3:37  Pneumatized Carapace  
  43  3:43  Overlord  
  43  3:47  Zergling x2  
  44  3:53  Zergling x2  
  44  3:57  Zergling x2  
  45  4:02  Queen  
  45  4:07  Zergling x4  
  45  4:08  Overlord  
  49  4:10  Drone x2  
  49  4:14  Drone  
  46  4:18  Drone x2  
  46  4:23  Queen, Spore Crawler  
  49  4:27  Spore Crawler  
  49  4:28  Spore Crawler, Drone  
  48  4:32  Overlord  
  48  4:37  Drone x2  
  49  4:38  Drone  
  49  4:45  Drone x2  
  52  4:48  Drone x3  
  52  4:51  Overlord  
  54  4:56  Drone, Lair  
  54  4:59  Drone  
  56  5:05  Drone x2  
  56  5:06  Drone  
  58  5:08  Drone x2  
  60  5:14  Drone x3  
  60  5:15  Roach Warren  
  60  5:20  Overlord  
  62  5:21  Drone  
  62  5:22  Drone x2  
  62  5:23  Drone  
  66  5:29  Extractor  
  66  5:30  Extractor  
  66  5:31  Evolution Chamber  
  66  5:34  Drone x3  
  66  5:35  Drone x3  
  69  5:36  Drone  
  69  5:40  Overlord  
  70  5:43  Drone  
  70  5:45  Extractor  
  70  5:47  Drone x3  
  73  5:51  Drone  
  73  5:54  Glial Reconstitution  
  74  5:57  Overseer  
  74  6:00  Overlord  
  74  6:04  Extractor, Drone  
  75  6:05  Drone x2, Roach x3  
  75  6:06  Drone  
  75  6:10  Extractor  
  81  6:19  Zerg Missile Weapons Level 1  
  81  6:22  Overlord x2  
  81  6:24  Roach x4  
  89  6:26  Roach  
  89  6:28  Hatchery  
  89  6:30  Roach  
  92  6:35  Zergling x10  
  95  6:45  Drone x2  
  96  6:48  Spire, Roach  
  96  6:52  Infestation Pit  
  97  7:00  Queen x2  
  100  7:10  Queen  
  102  7:17  Spore Crawler  
  101  7:23  Spore Crawler x2  
  82  7:41  Roach  
  82  7:42  Hydralisk Den, Roach x8  
  82  7:43  Queen  
  99  7:44  Queen  
  95  7:52  Hive  
  95  7:53  Drone x7  
  95  7:57  Roach  
  103  8:01  Drone  
  103  8:02  Drone x2  
  93  8:26  Grooved Spines  
  93  8:27  Drone x3  
  93  8:30  Unknown  
  93  8:31  Queen x2  
  98  8:34  Spore Crawler  
  98  8:36  Roach x3  
  97  8:43  Hydralisk x6  
  97  8:47  Hydralisk  
  105  8:49  Hydralisk x4  
  105  8:54  Roach  
  103  8:55  Hydralisk  
  103  8:58  Overlord x5  
  103  8:59  Overlord  
  83  9:17  Hydralisk x2  
  83  9:18  Hydralisk  
  83  9:22  Viper x3  
  98  9:35  Zerg Missile Weapons Level 2  
  98  9:38  Overlord x2  
  98  9:44  Hatchery  
  97  9:47  Overlord  
  97  9:56  Overlord, Hydralisk x4  
  97  9:58  Drone  
  97  9:59  Drone  
  107  10:01  Drone x2  
  107  10:03  Drone  
  107  10:04  Drone  
  111  10:10  Drone x2  
  111  10:11  Drone  
  111  10:13  Drone x3  
  117  10:17  Roach  
  119  10:24  Muscular Augments  
  119  10:30  Roach x3  
  119  10:32  Roach  
  127  10:37  Roach  
  127  10:41  Overlord  
  129  10:44  Overlord x2  
  129  10:45  Overlord  
  129  10:58  Hydralisk x3  
  135  11:05  Overlord  
  135  11:06  Queen, Overlord  
  135  11:08  Hydralisk x3  
  143  11:20  Hydralisk  
  143  11:24  Hydralisk  
  143  11:25  Hydralisk x2  
  143  11:31  Drone x4  
  151  11:36  Spire  
  151  11:37  Lurker Den  
  150  11:41  Hydralisk  
  150  11:42  Roach x3  
  150  11:43  Drone x2  
  156  11:50  Hydralisk  
  156  11:51  Hydralisk  
  156  11:52  Drone x2  
  156  11:54  Queen  
  162  11:56  Queen  
  166  12:03  Roach x4  
  174  12:14  Hydralisk  
  174  12:15  Hydralisk  
  178  12:17  Roach  
  178  12:22  Roach x2  
  156  12:23  Roach x5  
  156  12:25  Hydralisk  
  156  12:26  Roach  
  156  12:28  Roach  
  147  12:31  Hydralisk  
  147  12:35  Hydralisk  
  119  12:37  Roach  
Tags
 
Add a new tag
Caveats
  • Supply blocks, unpowered buildings, or Contaminate may cause inaccurate times.
  • Supply counts are checked every 10 seconds.